 Dungeon Crawl Stone Soup version 0.22.1-1-ga44c0e5 (webtiles) character file.

823 suicidejoker the Grave Robber (level 7, -2/61 HPs)
             Began as a Deep Dwarf Necromancer on Sept 24, 2018.
             Was an Initiate of Gozag.
             Slain by an orc warrior
             ... wielding a +0 dire flail
              (15 damage)
             ... on level 6 of the Dungeon.
             The game lasted 00:19:45 (5687 turns).

suicidejoker the Grave Robber (DDNe)                Turns: 5687, Time: 00:19:45

Health: -2/61      AC:  6    Str: 13    XL:     7   Next: 64%
Magic:  10/10      EV: 14    Int: 16    God:    Gozag
Gold:   232        SH:  0    Dex: 13    Spells: 8/12 levels left

rFire    + . .     SeeInvis .   q - +0 hand axe of Descent {chop, rF+ rC++ Stlth+} (curse)
rCold    + + .     Gourm    .   (no shield)
rNeg     . . .     Faith    .   a - +1 robe
rPois    .         Spirit   .   (no helmet)
rElec    .         Reflect  .   (no cloak)
rCorr    .         Harm     .   p - +2 pair of gloves
MR       +....                  (no boots)
Stlth    +++++.....             (no amulet)
HPRegen  0.00/turn              g - ring of stealth
MPRegen  0.12/turn              (no ring)

@: non-regenerating
A: damage resistance, heal wounds, sense surroundings 1, no regeneration
a: Heal Wounds, Potion Petition, Call Merchant, Bribe Branch, Renounce Religion


You were on level 6 of the Dungeon.
You worshipped Gozag.
Gozag was aware of your devotion.
You were hungry.

You visited 1 branch of the dungeon, and saw 6 of its levels.

You collected 299 gold pieces.
You paid 67 gold pieces to Gozag.

Inventory:

Hand Weapons
 e - a +4 whip
 o - a +0 flail of holy wrath
 q - the cursed +0 hand axe of Descent (weapon) {chop, rF+ rC++ Stlth+}
   (You found it on level 5 of the Dungeon)

   It inflicts extra damage upon your enemies.
   It protects you from fire.
   It greatly protects you from cold.
   It makes you more stealthy.
   It has a curse placed upon it.
Armour
 a - a +1 robe (worn)
 f - a +1 leather armour of magic resistance
 p - a +2 pair of gloves (worn)
 s - a cursed +0 ring mail
Jewellery
 g - a ring of stealth (left hand)
Scrolls
 b - 2 scrolls of amnesia
 d - a scroll of identify
 h - 4 scrolls of immolation
 j - a scroll of remove curse
 k - a scroll of blinking
 n - a scroll of teleportation {unknown}
Potions
 i - a potion of flight
 l - 3 potions of curing
 m - a potion of heal wounds
 r - 3 potions of brilliance
 t - a potion of agility
Comestibles
 c - 14 rations


   Skills:
 + Level 2.6 Fighting
   Level 1.9 Short Blades
 * Level 0.0(1.3) Axes
 - Level 2.1 Maces & Flails
 + Level 3.3 Armour
 + Level 4.1 Dodging
 + Level 4.4 Stealth
 + Level 3.1 Spellcasting
 + Level 5.6 Necromancy


You had 8 spell levels left.
You knew the following spells:

 Your Spells              Type           Power        Failure   Level  Hunger
a - Pain                  Necr           ###.         1%          1    None
b - Vampiric Draining     Necr           ###.......   5%          3    ###....

Your spell library contained the following spells:

 Spells                   Type           Power        Failure   Level  Hunger
 Animate Skeleton         Necr           N/A          1%          1    None
 Animate Dead             Necr           N/A          19%         4    ####...
 Regeneration             Chrm/Necr      Unusable     N/A         3    N/A

Dungeon Overview and Level Annotations

Branches:
Dungeon (6/15)
 Temple: D:4-7

Altars:
Cheibriados
Dithmenos
Elyvilon
Gozag
Xom
Zin

Annotations:
D:5 Pikel


Innate Abilities, Weirdness & Mutations

You are resistant to damage.
You can heal yourself by infusing magical energy.
You passively map a small area around you.
You do not regenerate.


Message History

You start resting.
Magic restored.
r - 3 potions of brilliance (gained 1)
You now have 232 gold pieces (gained 11).
An orc comes into view. It is wielding a whip.
An orc is nearby!
The orc is too close now for your liking.
An orc is nearby!
An orc is nearby!
An orc warrior comes into view. It is wielding a dire flail.
An orc comes into view. It is wielding a club.
The orc shouts!
The orc warrior shouts!
You hit the orc.
You kill the orc!
A hound comes into view.
A howler monkey comes into view.
The hound barks!
The orc warrior hits you with a dire flail!
You die...
Your body crumbles into a pile of gold.

*.......h....... ,
#...o..$....... * *
#....###. .. .
#o....... #.# .
###...#####* #.##.
#.h.....# * ..... *
#o#...#.# *#.#..
#o#...#.# #.#.#
#@##....# #.#.# ,
**
*#.####..######....
#.####.....#...#.#
*
#..............#.#
*
#....).<...#...#..
,,
...###..###....###
,* #.## #..# #)##.#
, * #.# ....#
#.#..## #.##.##.#
#)....#


You could see an orc warrior, a hound and an orc.

Vanquished Creatures
  Grinder (D:5)
  Sigmund (D:4)
  4 slaves (D:5)
  An ogre (D:4)
  A crimson imp (D:2)
  An orc priest (D:3)
  A hound (D:4)
  2 orc wizards
  A centaur skeleton (D:4)
  A worker ant (D:4)
  A killer bee zombie (D:5)
  A worker ant zombie (D:5)
  6 adders
  A shadow imp (D:5)
  An ooze (D:3)
  A worm (D:2)
  A dart slug (D:1)
  A leopard gecko (D:4)
  8 orcs
  7 giant cockroaches
  4 hobgoblins
  7 jackals
  4 quokkas
  9 bats
  4 frilled lizards
  9 goblins
  A jackal skeleton (D:5)
  5 kobolds
  A leopard gecko skeleton (D:4)
  A quokka zombie (D:6)
  5 rats
92 creatures vanquished.

Notes
Turn   | Place    | Note
-------+----------+-------------------------------------------
     0 | D:1      | suicidejoker the Deep Dwarf Necromancer began the quest for
                  | the Orb.
     0 | D:1      | Reached XP level 1. HP: 15/15 MP: 3/3
   203 | D:1      | Found a shimmering altar of Xom.
   339 | D:1      | Reached XP level 2. HP: 24/24 MP: 1/4
  1012 | D:1      | Reached skill level 1 in Armour
  1219 | D:2      | Reached XP level 3. HP: 30/30 MP: 4/6
  1246 | D:2      | Learned a level 3 spell: Vampiric Draining
  1427 | D:2      | Reached skill level 1 in Fighting
  1804 | D:2      | Reached XP level 4. HP: 31/38 MP: 4/7
  2121 | D:2      | Reached skill level 1 in Short Blades
  2901 | D:3      | Reached XP level 5. HP: 35/44 MP: 0/8
  2941 | D:3      | Reached skill level 5 in Necromancy
  3535 | D:3      | Found a white marble altar of Elyvilon.
  3886 | D:4      | Noticed Sigmund
  3898 | D:4      | Killed Sigmund
  3898 | D:4      | Reached XP level 6. HP: 39/52 MP: 2/10
  3902 | D:4      | Found a shadowy altar of Dithmenos.
  4351 | D:4      | Reached XP level 7. HP: 48/60 MP: 1/11
  4460 | D:5      | Entered Level 5 of the Dungeon
  4634 | D:5      | Reached skill level 1 in Maces & Flails
  4838 | D:5      | Found an opulent altar of Gozag.
  4890 | D:5      | Became a worshipper of Gozag Ym Sagoz the Greedy
  4909 | D:5      | Noticed Pikel
  5324 | D:5      | Noticed Grinder
  5336 | D:5      | Paralysed by Grinder for 6 turns
  5356 | D:5      | Killed Grinder
  5402 | D:5      | Got a warped hand axe
  5403 | D:5      | Identified the cursed +0 hand axe of Descent {chop, rF+
                  | rC++ Stlth+} (You found it on level 5 of the Dungeon)
  5565 | D:6      | Found a snail-covered altar of Cheibriados.
  5566 | D:6      | Found a glowing silver altar of Zin.
  5687 | D:6      | Slain by an orc warrior

Skill      XL: |  1  2  3  4  5  6  7 |
---------------+----------------------+-----
Spellcasting   | 2 3 |  3.1
Armour         | 1 2 3 |  3.3
Fighting       | 1 2 |  2.6
Short Blades   | 1 |  1.9
Dodging        | 3 4 |  4.1
Necromancy     | 5 |  5.6
Stealth        | 3 4 |  4.4
Maces & Flails | 2 |  2.1

Action                   |  1- 3 |  4- 6 |  7- 9 || total
-------------------------+-------+-------+-------++-------
Melee: Unarmed           |     4 |       |       ||     4
       Dagger            |    65 |   179 |       ||   244
       Whip              |       |    31 |   112 ||   143
       Hand axe          |       |       |    28 ||    28
 Cast: Pain              |    38 |       |       ||    38
       Vampiric Draining |     5 |    21 |     6 ||    32
Invok: Potion Petition   |       |       |     1 ||     1
 Abil: Heal Wounds       |       |     1 |     3 ||     4
  Use: Scroll            |     6 |    10 |     2 ||    18
       Potion            |       |     1 |     1 ||     2
 Stab: Sleeping          |     1 |    11 |     1 ||    13
       Distracted        |     1 |     1 |       ||     2
  Eat: Chunk             |     4 |    10 |     2 ||    16
       Ration            |       |       |     1 ||     1
Armor: Robe              |    14 |    44 |    36 ||    94
Dodge: Dodged            |    70 |   101 |   118 ||   289
